 Dungeon Crawl Stone Soup version 0.20.1-1-g8b1a95d (webtiles) character file.

499 Monsterracer the Slasher (level 7, -3/56 HPs)
             Began as a Barachi Fighter on Sept 15, 2017.
             Slain by an ogre
             ... wielding a +0 giant club
              (8 damage)
             ... on level 5 of the Dungeon.
             The game lasted 00:05:31 (4526 turns).

Monsterracer the Slasher (Barachi Fighter)          Turns: 4526, Time: 00:05:31

Health: -3/56      AC:  9    Str: 24    XL:     7   Next: 16%
Magic:  7/7        EV:  9    Int:  8    God:
Gold:   172        SH:  5    Dex: 12    Spells: 6/6 levels left

rFire    . . .     SeeInvis .   a - +1 long sword
rCold    . . .     Gourm    .   t - +0 buckler
rNeg     . . .     Faith    .   k - +0 chain mail
rPois    .         Spirit   .   (no helmet)
rElec    .         Reflect  .   (no cloak)
rCorr    .         Harm     .   (no gloves)
MR       .....                  (no boots)
Stlth    ..........             (no amulet)
Regen    0.2/turn               q - ring of stealth
MPRegen  0.1/turn               (no ring)

@: mighty, can't hop, slow
A: +LOS, swims, slowness 1, strong legs 1
a: Hop


You were on level 5 of the Dungeon.
You were very hungry.

You visited 1 branch of the dungeon, and saw 5 of its levels.

You collected 172 gold pieces.

Inventory:

Hand Weapons
 a - a +1 long sword (weapon)
 b - a +0 dagger of venom
Armour
 c - a +0 shield
 k - a +0 chain mail (worn)
 t - a +0 buckler (worn)
Jewellery
 d - an uncursed ring of fire
 q - a ring of stealth (left hand)
Scrolls
 e - 3 scrolls of identify
 i - 2 scrolls of enchant weapon
 o - a scroll of teleportation
 p - a scroll of amnesia
 s - a scroll of recharging
Potions
 h - a potion of heal wounds
 m - 2 potions of ambrosia
 n - a potion of agility
Comestibles
 f - 5 bread rations
 g - 2 fruits
 j - 4 royal jellies
 l - 3 meat rations


   Skills:
 + Level 5.0 Fighting
 * Level 6.2 Long Blades
 + Level 5.1 Armour
 + Level 2.2 Dodging
 + Level 4.1 Shields


You had 6 spell levels left.
You didn't know any spells.

Dungeon Overview and Level Annotations

Branches:
Dungeon (5/15)
 Temple: D:4-7

Altars:
Dithmenos


Innate Abilities, Weirdness & Mutations

Shadows flee at your approach. (+LOS)
You can swim through water.
You cover ground slowly.
You can hop short distances.


Message History

Beogh smites you!
* * * LOW HITPOINT WARNING * * *
You block the orc's attack.
The crimson imp hits you but does no damage.
Huge Dmg: -15%(-8hp) hp: 34%(19hp)
You slash the orc priest!
The orc priest is almost dead.
The orc priest hits you with a morningstar.
* * * LOW HITPOINT WARNING * * *
The ogre closely misses you. You block the orc's attack.
The crimson imp hits you but does no damage.
Damage: -1%(-1hp) hp: 33%(18hp) Unknown command.
You closely miss the orc priest.
The orc priest is almost dead.
The orc priest calls down the wrath of Beogh upon you.
Beogh smites you!
* * * LOW HITPOINT WARNING * * *
The ogre hits you with a giant club!
You die...

# ###.#.....#.....# #
#...#...>.......#
#######.##........# ..
...######..#.# #
###.........#.# #
#.######....# #.### #..
......#
........######.#Oo#######
.#.##..........o@5.......
# .###.#.#.#[......#.
#.....###.# #.....#
#.##..# #. #.# #. .. #
... ...


You could see an ogre, an orc priest, a crimson imp and an orc.

Vanquished Creatures
  An ogre (D:4)
  A centaur (D:4)
  2 orc priests
  A hound (D:4)
  Jessica (D:3)
  A worker ant (D:4)
  4 gnolls (D:2)
  5 adders
  An ooze (D:5)
  An adder zombie (D:1)
  3 worms (D:3)
  4 dart slugs
  4 leopard geckos
  15 orcs
  A ball python (D:1)
  5 bats
  A bat zombie (D:1)
  8 giant cockroaches
  4 goblins
  6 hobgoblins
  4 frilled lizards
  9 kobolds
  A leopard gecko skeleton (D:4)
  A rat (D:2)
84 creatures vanquished.

Notes
Turn   | Place    | Note
-------+----------+-------------------------------------------
     0 | D:1      | Monsterracer the Barachi Fighter began the quest for the Orb.
     0 | D:1      | Reached XP level 1. HP: 18/18 MP: 1/1
    25 | D:1      | Reached skill level 3 in Long Blades
    66 | D:1      | Reached XP level 2. HP: 24/24 MP: 2/2
   460 | D:1      | Reached skill level 4 in Long Blades
   501 | D:1      | Reached XP level 3. HP: 29/29 MP: 3/3
  1451 | D:2      | Found a shadowy altar of Dithmenos.
  1702 | D:2      | Reached XP level 4. HP: 20/37 MP: 4/4
  1846 | D:2      | HP: 17/37 [gnoll/spear (4)]
  2140 | D:3      | HP: 18/37 [orc/flail (9)]
  2146 | D:3      | HP: 14/37 [bat (1)]
  2154 | D:3      | HP: 10/37 [hobgoblin (4)]
  2168 | D:3      | Reached XP level 5. HP: 9/42 MP: 5/5
  2571 | D:3      | Noticed Jessica
  2580 | D:3      | Killed Jessica
  2580 | D:3      | Reached skill level 5 in Long Blades
  3172 | D:4      | Reached skill level 1 in Dodging
  3374 | D:4      | Reached XP level 6. HP: 49/49 MP: 6/6
  3391 | D:4      | HP: 24/49 [ogre/giant spiked club (21)]
  3392 | D:4      | HP: 9/49 [ogre/giant spiked club (15)]
  3393 | D:4      | HP: 3/49 [ogre/giant spiked club (6)]
  3659 | D:4      | HP: 24/49 [centaur (6)]
  3664 | D:4      | HP: 9/49 [centaur (7)]
  3665 | D:4      | HP: 4/49 [centaur (5)]
  3670 | D:4      | HP: 22/49 [centaur (2)]
  3671 | D:4      | Reached skill level 6 in Long Blades
  3671 | D:4      | Reached skill level 5 in Armour
  3962 | D:4      | Reached skill level 5 in Fighting
  3962 | D:4      | Reached XP level 7. HP: 35/56 MP: 7/7
  4422 | D:5      | Entered Level 5 of the Dungeon
  4522 | D:5      | HP: 28/56 [orc/flail (5)]
  4526 | D:5      | HP: 5/56 [orc priest/divine providence (13)]
  4526 | D:5      | Slain by an ogre

Skill      XL: |  1  2  3  4  5  6  7 |
---------------+----------------------+-----
Long Blades    | 3 4 5 6 |  6.2
Fighting       | 4 5 |  5.0
Armour         | 4 5 |  5.1
Dodging        | 1 2 |  2.2
Shields        | 4 |  4.1

Action                   |  1- 3 |  4- 6 |  7- 9 || total
-------------------------+-------+-------+-------++-------
Melee: Long sword        |    89 |   179 |    19 ||   287
 Abil: Hop               |       |     1 |     1 ||     2
  Use: Potion            |       |     2 |     1 ||     3
       Scroll            |       |    11 |     1 ||    12
  Eat: Chunk             |     3 |     8 |     1 ||    12
Armor: Scale mail        |    13 |       |       ||    13
       Chain mail        |    29 |    90 |    10 ||   129
Dodge: Dodged            |    15 |    60 |     6 ||    81
Block: Shield            |    38 |       |       ||    38
       Buckler           |     3 |    45 |     6 ||    54
       Rpst.: Long sword |     4 |    20 |     1 ||    25
